 Dungeon Crawl Stone Soup version 0.22.0-13-g43fe8f2 (webtiles) character file.

553 Lavandula the Chopper (level 7, -5/88 HPs)
             Began as a Centaur Berserker on Aug 16, 2018.
             Was a Believer of Trog.
             Slain by an ogre
             ... wielding a +0 giant spiked club
              (27 damage)
             ... on level 5 of the Dungeon.
             The game lasted 00:06:19 (1456 turns).

Lavandula the Chopper (Centaur Berserker)           Turns: 1456, Time: 00:06:20

Health: -5/88      AC:  7    Str: 26    XL:     7   Next: 8%
Magic:  7/7        EV:  9    Int:  6    God:    Trog [**....]
Gold:   118        SH:  0    Dex:  9    Spells: 6/6 levels left

rFire    . . .     SeeInvis .   a - +1 hand axe
rCold    . . .     Gourm    .   (no shield)
rNeg     . . .     Faith    .   f - +0 ring mail
rPois    .         Spirit   .   i - +1 helmet
rElec    .         Reflect  .   (no cloak)
rCorr    .         Harm     .   (no gloves)
MR       .....                  (no barding)
Stlth    ..........             (no amulet)
HPRegen  0.24/turn              (no ring)
MPRegen  0.10/turn              (no ring)

@: berserking, lethally poisoned (-5 -> -5), very quick
A: large, hooves 3, deformed body, speed 2, tough skin 3
a: Berserk, Trog's Hand, Renounce Religion


You were on level 5 of the Dungeon.
You worshipped Trog.
Trog was pleased with you.
You were very hungry.

You visited 1 branch of the dungeon, and saw 5 of its levels.

You collected 118 gold pieces.

Inventory:

Hand Weapons
 a - a +1 hand axe (weapon)
Missiles
 q - 4 tomahawks (quivered)
Armour
 b - a +0 animal skin
 f - a +0 ring mail (worn)
 i - a +1 helmet (worn)
Wands
 l - a wand of paralysis (14)
Scrolls
 d - 3 scrolls of remove curse {unknown}
 e - 2 scrolls of magic mapping {unknown}
 g - 3 scrolls of teleportation
 h - 2 scrolls of enchant weapon
 j - a scroll of enchant armour {unknown}
 m - a scroll of blinking {unknown}
 p - a scroll of fog {unknown}
 u - a scroll of noise {unknown}
Potions
 k - a potion of cancellation {unknown}
 n - 2 potions of berserk rage {unknown}
 o - 2 potions of curing {unknown}
 s - a potion of degeneration {unknown}
 t - a potion of agility {unknown}
Comestibles
 c - 8 rations
 r - 3 chunks of flesh


   Skills:
 - Level 4.2 Fighting
 + Level 6.9 Axes
 - Level 1.3 Armour
 - Level 1.3 Dodging


You had 6 spell levels left.
You didn't know any spells.
Your spell library was empty.

Dungeon Overview and Level Annotations

Branches:
Dungeon (5/15)             Temple (0/1) D:4

Altars:
Fedhas
Okawaru
The Shining One


Innate Abilities, Weirdness & Mutations

You have hooves in place of feet.
Armour fits poorly on your strangely shaped body.
You cover ground very quickly.
You have extremely tough skin. (AC +3)


Message History

* * * LOW HITPOINT WARNING * * *
The leopard gecko zombie bites you.
* * * LOW HITPOINT WARNING * * *
The worker ant barely misses you.
You hit the ogre.
The ogre is heavily wounded.
You hit the worker ant. You slash the leopard gecko zombie!
You hit the ball python.
You kill the ball python!
Trog accepts your kill.
The worker ant bites you but does no damage.
You closely miss the ogre.
The ogre is heavily wounded.
Your ring mail prevents you from hitting the worker ant.
You hit the leopard gecko zombie.
You destroy the leopard gecko zombie!
Trog accepts your kill.
You feel sick.
The ogre hits you with a giant spiked club!!
You die...

#############
##.....#.....##
##....@†.......#### ##
#....Oa........... ..
#...............##
#................# #
#................######
#......†...............
##....5.........###.###
##.....#.........#.##
####.##.5.......#..#


You could see an ogre, a worker ant and a crimson imp.

Vanquished Creatures
  Sigmund (D:3)
  An ogre (D:5)
  A hound (D:5)
  A jelly (D:5)
  2 orc priests (D:4)
  Ijyb (D:3)
  An orc wizard (D:4)
  2 worker ants
  Robin (D:3)
  2 adders (D:5)
  2 oozes
  A worm (D:5)
  5 orcs (D:4)
  3 bats (D:1)
  A giant cockroach (D:3)
  15 goblins
  5 hobgoblins
  6 jackals
  2 quokkas (D:3)
  A ball python (D:5)
  A frilled lizard (D:1)
  3 kobolds
  A leopard gecko zombie (D:5)
  4 rats
63 creatures vanquished.

Notes
Turn   | Place    | Note
-------+----------+-------------------------------------------
     0 | D:1      | Lavandula the Centaur Berserker began the quest for the Orb.
     0 | D:1      | Reached XP level 1. HP: 19/19 MP: 1/1
   104 | D:1      | Reached skill level 3 in Axes
   187 | D:1      | Reached XP level 2. HP: 9/26 MP: 2/2
   404 | D:3      | Noticed Robin
   425 | D:3      | Killed Robin
   425 | D:3      | Reached XP level 3. HP: 32/33 MP: 3/3
   472 | D:3      | Found an iron altar of Okawaru.
   504 | D:3      | Reached ** piety under Trog
   586 | D:3      | Noticed Ijyb
   596 | D:3      | Killed Ijyb
   596 | D:3      | Reached XP level 4. HP: 28/40 MP: 4/4
   672 | D:3      | Found a glowing golden altar of the Shining One.
   877 | D:3      | Noticed Sigmund
   889 | D:3      | Killed Sigmund
   889 | D:3      | Reached skill level 5 in Axes
   889 | D:3      | Reached XP level 5. HP: 46/46 MP: 5/5
  1014 | D:4      | Found a blossoming altar of Fedhas.
  1015 | D:4      | Reached XP level 6. HP: 52/52 MP: 6/6
  1078 | D:5      | Entered Level 5 of the Dungeon
  1087 | D:5      | Reached skill level 6 in Axes
  1323 | D:4      | Found a staircase to the Ecumenical Temple.
  1345 | D:5      | Reached XP level 7. HP: 55/59 MP: 7/7
  1456 | D:5      | Slain by an ogre

Skill      XL: |  1  2  3  4  5  6 |
---------------+-------------------+-----
Axes           | 3 5 6 |  6.9
Fighting       | 4 |  4.2
Armour         | |  1.3
Dodging        | |  1.3

Action                   |  1- 3 |  4- 6 |  7- 9 || total
-------------------------+-------+-------+-------++-------
Melee: Hand axe          |    74 |    43 |     6 ||   123
       Kick              |    19 |    13 |     3 ||    35
Invok: Berserk           |     4 |     5 |     2 ||    11
  Use: Scroll            |       |     2 |       ||     2
  Eat: Chunk             |     2 |     6 |     2 ||    10
Armor: Animal skin       |    15 |       |       ||    15
       Ring mail         |    22 |    22 |     2 ||    46
Dodge: Dodged            |    28 |    14 |     5 ||    47
